 Dungeon Crawl Stone Soup version 0.18.1-48-g4cf74bf (webtiles) character file.

1172 ololoev the Conjurer (level 8, 5/41 HPs)
             Began as a Deep Elf Fire Elementalist on July 22, 2016.
             Quit the game on level 6 of the Dungeon.
             The game lasted 00:17:07 (2436 turns).

ololoev the Conjurer (Deep Elf Fire Elementalist)   Turns: 2436, Time: 00:17:07

Health: 5/41       AC:  8    Str:  5    XL:     8   Next: 18%
Magic:  0/20       EV: 18    Int: 21    God:
Gold:   91         SH:  0    Dex: 20    Spells: 5 memorised, 4 levels left

rFire  + . .     SeeInvis .     t - staff of conjuration
rCold  . . .     Gourm    .     a - +0 robe
rNeg   . . .     Faith    .     (no shield)
rPois  .         Spirit   .     (no helmet)
rElec  .         Dismiss  .     o - +0 cloak (curse)
rCorr  .         Reflect  .     (no gloves)
SustAt .         Harm     .     n - +2 pair of boots
MR     .....     Clarity  +     (no amulet)
Stlth  +++.......               (no ring)
                                p - ring of protection from fire

@: agile, lethally poisoned (5 -> -8), not resistant to hostile enchantments,
fairly stealthy
A: thin metallic scales 1, clarity, dopey 1
a: no special abilities


Innate Abilities, Weirdness & Mutations

You are partially covered in thin metallic scales (AC +2).
You possess an exceptional clarity of mind.
You are dopey. (Int -2)

Inventory:

Hand Weapons
 e - a +1 dagger of venom
Armour
 a - a +0 robe (worn)
 n - a +2 pair of boots (worn)
 o - a cursed +0 cloak (worn)
Magical Staves
 t - an uncursed staff of conjuration (weapon)
Jewellery
 p - a ring of protection from fire (left hand)
Scrolls
 f - 4 scrolls of identify {unknown}
 g - 4 scrolls of remove curse {unknown}
 h - a scroll of enchant armour {unknown}
 i - a scroll of amnesia {unknown}
 j - a scroll of random uselessness {unknown}
 k - 3 scrolls of fog {unknown}
 m - a scroll of enchant weapon {unknown}
Books
 b - a book of Flames

   Spells                             Type                      Level
   a - Flame Tongue                   Conjuration/Fire             1
   b - Throw Flame                    Conjuration/Fire             2
   c - Conjure Flame                  Conjuration/Fire             3
   d - Inner Flame                    Hexes/Fire                   3
   e - Sticky Flame                   Conjuration/Fire             4
   f - Fireball                       Conjuration/Fire             5
Comestibles
 c - 2 bread rations
 l - 2 meat rations
 q - a beef jerky
 r - a fruit
 s - 2 chunks of flesh


   Skills:
 - Level 2.4 Dodging
 - Level 2.4 Stealth
 + Level 6.8 Spellcasting
 * Level 7.7 Conjurations
 + Level 6.2 Fire Magic


You had 4 spell levels left.
You knew the following spells:

 Your Spells              Type           Power        Failure   Level  Hunger
a - Flame Tongue          Conj/Fire      #####        1%          1    None
b - Conjure Flame         Conj/Fire      ######..     1%          3    #......
c - Sticky Flame          Conj/Fire      ######..     6%          4    ###....
d - Fireball              Conj/Fire      ######....   17%         5    #####..
e - Inner Flame           Hex/Fire       ###.....     10%         3    #......


You were on level 6 of the Dungeon.
You were hungry.

You visited 2 branches of the dungeon, and saw 10 of its levels.

You collected 91 gold pieces.

.. #. .. . #.######
#.#..J.# ### #...Z#.#
....
##..@.#J###........
#.......#W...........
#.##........#.$....W
# )........###....#
#...#.#...# #....#
###...#...# #....###
#####..####......#
#........W.#
##<#####...#

Notes
Turn   | Place    | Note
--------------------------------------------------------------
     0 | D:1      | ololoev the Deep Elf Fire Elementalist began the quest for the Orb.
     0 | D:1      | Reached XP level 1. HP: 10/10 MP: 6/6
    92 | D:2      | epen: а чё ты сдох-то?
    94 | D:2      | ololoev: пауки слишком быстрые
   100 | D:2      | Reached XP level 2. HP: 11/15 MP: 0/8
   110 | D:2      | ololoev: ЗАПОЛОНИЛИ ДЕМОНЫ!
   217 | D:2      | Reached skill level 2 in Conjurations
   302 | D:2      | Reached XP level 3. HP: 19/19 MP: 5/9
   312 | D:2      | Learned a level 3 spell: Conjure Flame
   316 | D:2      | Learned a level 3 spell: Inner Flame
   361 | D:3      | Noticed Crazy Yiuf
   371 | D:3      | Killed Crazy Yiuf
   371 | D:3      | Reached skill level 3 in Conjurations
   409 | D:5      | Entered Level 5 of the Dungeon
   409 | D:5      | Found Afour's Jewellery Boutique.
   409 | D:5      | Noticed Duvessa
   409 | D:5      | Noticed Dowan
   449 | D:4      | Reached XP level 4. HP: 16/24 MP: 6/11
   556 | D:5      | Found a staircase to the Ecumenical Temple.
   591 | D:5      | Found Wipp's Antique Weapon Boutique.
   664 | D:5      | Found Taryojoin's Armour Shop.
   706 | Temple   | Entered the Ecumenical Temple
   832 | Temple   | ololoev: FUCK U TEMPAL!!!
   832 | Temple   | ololoev: FUCK FUCK FUCK!
   936 | D:5      | Learned a level 4 spell: Sticky Flame
   949 | D:5      | epen: Двери закрывай
   951 | D:5      | epen: закрывайте двери
   954 | D:5      | epen: двери закройте
   954 | D:5      | Killed Duvessa
   954 | D:5      | Reached skill level 4 in Conjurations
   954 | D:5      | Reached XP level 5. HP: 25/28 MP: 4/14
   955 | D:5      | epen: спасибо
   968 | D:5      | Killed Dowan
   968 | D:5      | Reached XP level 6. HP: 32/32 MP: 2/15
  1042 | D:5      | Found Paagadonk's Antique Weapon Shoppe.
  1053 | D:5      | Reached skill level 5 in Spellcasting
  1053 | D:5      | Reached skill level 5 in Conjurations
  1090 | D:5      | Noticed an ice beast
  1098 | D:5      | Killed an ice beast
  1098 | D:5      | Reached skill level 5 in Fire Magic
  1124 | D:6      | Noticed a water moccasin
  1153 | D:5      | Gained mutation: You are partially covered in thin metallic scales (AC +2). [potion of mutation]
  1153 | D:5      | Gained mutation: You possess an exceptional clarity of mind. [potion of mutation]
  1153 | D:5      | Gained mutation: You are dopey. (Int -2) [potion of mutation]
  1170 | D:6      | Reached XP level 7. HP: 15/36 MP: 12/17
  1189 | D:6      | Reached skill level 6 in Conjurations
  1309 | D:9      | Noticed a yak
  1309 | D:9      | Noticed a yak
  1309 | D:9      | Noticed a yak
  1309 | D:9      | Noticed a yak
  1309 | D:9      | Noticed a yak
  1309 | D:9      | Noticed a yak
  1495 | D:5      | Found Qiom's Antique Weapon Shop.
  1534 | D:5      | Noticed Menkaure
  1537 | D:5      | epen: Тормент плс
  1546 | D:5      | Killed Menkaure
  1546 | D:5      | Reached skill level 7 in Conjurations
  1920 | D:4      | Learned a level 5 spell: Fireball
  2194 | D:3      | Reached XP level 8. HP: 41/41 MP: 17/19
  2302 | D:4      | You fall through a shaft!
  2411 | D:6      | DEFE: +10 блоуган и 13 игл паралича
  2413 | D:6      | ololoev: нойс
  2413 | D:6      | ololoev: ты еще и с окой
  2413 | D:6      | ololoev: +5 к металкам
  2436 | D:6      | Quit the game

Dungeon Overview and Level Annotations

Branches:
Dungeon (9/15)             Temple (1/1) D:5
   Lair: D:8-11         Orc: D:9-12

Altars:
Ashenzari
Cheibriados
Dithmenos
Fedhas
Gozag
Kikubaaqudgha
Makhleb
Nemelex Xobeh
Okawaru
Pakellas
Qazlal
Ru
Trog
Vehumet
Xom
Zin
The Shining One

Shops:
D:5 =([((


Message History

You are poisoned.
The water moccasin poisons you!
Unknown command.
You barely miss the water moccasin.
The water moccasin is almost dead.
You feel sick. The water moccasin barely misses you.
The water moccasin bites you but does no damage.
Unknown command.
You closely miss the water moccasin.
The water moccasin is almost dead.
You feel sick.
The water moccasin bites you but does no damage.
Unknown command.
The water moccasin misses you.
Casting: Flame Tongue
Confirm with . or Enter, or press ? or * to list all spells.
Aiming: Flame Tongue
Press: ? - help, Shift-Dir - straight line, f/p - water moccasin
Aim: a water moccasin (almost dead, inner flame)
The flame tongue misses the water moccasin.
You feel sick. The water moccasin closely misses you.
The phantom blinks!
Unknown command.
A giant cockroach zombie comes into view.
You feel sick.
You feel sick. The water moccasin bites you.
You are more poisoned.
The water moccasin poisons you!
Found a hunting sling.
You feel sick.
You see here a long smoking staff.
t - a long smoking staff You feel sick.
The water moccasin barely misses you. The giant cockroach zombie misses you.
The water moccasin bites you.
You are lethally poisoned!
The water moccasin poisons you!
Wield which item (- for none, * to show all)? (? for menu, Esc to quit)
Your +1 dagger of venom stops dripping with poison.
t - an uncursed staff of conjuration (weapon)
You feel sick.
Drink which item? (? for menu, Esc to quit)
It was a potion of agility.
You feel agile all of a sudden.
You feel very sick. The water moccasin misses you.
The giant cockroach zombie closely misses you.
The jelly hits you but does no damage. The water moccasin misses you.
Read which item? (? for menu, Esc to quit)
Okay, then.
Casting: Flame Tongue
Confirm with . or Enter, or press ? or * to list all spells.
Aiming: Flame Tongue
Press: ? - help, Shift-Dir - straight line, f/p - water moccasin
Aim: a water moccasin (severely wounded, inner flame)
You feel a surge of power!
The flame tongue hits the water moccasin.
The water moccasin is almost dead.
You feel sick.
The water moccasin's inner flame fades away.
The giant cockroach zombie closely misses you.
The water moccasin bites you. The jelly misses you.
Unknown command.
You feel sick. The giant cockroach zombie misses you.
You feel sick. The water moccasin closely misses you.
You feel sick.
Casting: Flame Tongue
Confirm with . or Enter, or press ? or * to list all spells.
Aiming: Flame Tongue
Press: ? - help, Shift-Dir - straight line, f/p - water moccasin
Aim: a water moccasin (almost dead)
You feel a surge of power!
The flame tongue hits the water moccasin.
You kill the water moccasin!
You are feeling hungry.
You feel sick. The giant cockroach zombie misses you.
Unknown command.
You feel sick.
You feel sick.
You feel sick.
You feel sick.
Are you sure you want to abandon this character and quit the game? (Confirm with "yes".)

You could see a jelly and a giant cockroach zombie.

Vanquished Creatures
  Menkaure (D:5)
  A water moccasin (D:6)
  Duvessa (D:5)
  2 ice beasts
  A centaur (D:6)
  2 giant frogs (D:6)
  Dowan (D:5)
  A crimson imp (D:5)
  A giant frog zombie (D:8)
  3 orc wizards (D:5)
  Crazy Yiuf (D:3)
  2 hounds
  A worker ant (D:5)
  A hound zombie (D:5)
  5 adders
  An adder skeleton (D:5)
  2 worms (D:2)
  3 giant geckos
  11 orcs
  A ball python (D:5)
  3 bats
  A giant cockroach (D:4)
  5 goblins
  4 jackals
  2 kobolds
  3 quokkas
  A giant gecko skeleton (D:4)
  3 giant newts
  2 jackal skeletons (D:4)
  2 rats
  A fungus (D:3)
69 creatures vanquished.

Action                   |  1- 3 |  4- 6 |  7- 9 || total
-------------------------+-------+-------+-------++-------
Melee: Unarmed           |     1 |       |       ||     1
       Dagger            |    20 |    44 |    48 ||   112
 Cast: Flame Tongue      |    37 |     8 |    47 ||    92
       Conjure Flame     |     1 |     1 |     8 ||    10
       Sticky Flame      |       |     7 |     2 ||     9
       Inner Flame       |       |       |     6 ||     6
  Use: Potion            |       |     6 |     1 ||     7
 Stab: Sleeping          |     2 |     1 |     2 ||     5
  Eat: Chunk             |       |     1 |     5 ||     6
Armor: Robe              |     5 |    17 |    26 ||    48
       Skin              |       |    10 |       ||    10
Dodge: Dodged            |    21 |    29 |    51 ||   101

Vault maps used:
D:1:      minmay_arrival_cross, roderic_lattice_a, minmay_misc_feat_ornament,
          serial_bayou_crossing
D:2:      lemuel_crystal_altar
D:3:      serial_co_window_serial, co_window_corner_a, co_window_paths_b,
          co_window_paths_b, co_window_paths_b, co_window_paths_b,
          co_window_unsneaky_path_a, co_window_broadway_c, co_window_corner_b,
          co_window_unsneaky_path_b, co_window_of_opportunity_c,
          co_window_of_opportunity_c, co_window_unsneaky_path_e,
          glass_columns_c, glass_columns_c, glass_columns_c, glass_columns_a,
          glass_columns_a, uniq_crazy_yiuf_cottage
D:5:      temple_doors_e, first_bread, serial_shops, nicolae_shop_stone,
          kennysheep_mini, nicolae_shop_trees, nicolae_shop_window_shopping,
          nicolae_shop_waterfront, minmay_curled_crystal, uniq_menkaure,
          uniq_duvessa
D:7:      nicolae_whirlpool, grunt_livestock
D:8:      kennysheep_mini_moat, corexii_corridor_pit
D:9:      tgw_sif, serial_shops, nicolae_shop_trees
Temple:   minmay_crystal_snake_temple_18
